PCL
HOUSTON HAMMERTIME @ VANCOUVER VIPERS
09/15/2024
 
TOP OF THE 1ST
Houston Hammertime batting - Pitching for Vancouver Vipers : LHP Greg Taylor
Pitching: LHP Greg Taylor
Batting: RHB Aaron Wilson 0-0: Bunted foul
0-1: Foul Ball, location: 2F
0-2: Hit by Pitch
Batting: RHB Pedro Meza 0-0: Grounds into double play, 6-4-3 (Groundball, 6)
Batting: RHB Rafael Torres 0-0: Ball
1-0: Foul Ball, location: 2F
1-1: Foul Ball, location: 2F
1-2: Ball
2-2: Fly out, F4 (Popup, 34)
Top of the 1st over - 0 run(s), 0 hit(s), 0 error(s), 0 left on base; Houston 0 - Vancouver 0
BOTTOM OF THE 1ST
Vancouver Vipers batting - Pitching for Houston Hammertime : RHP Norberto Méndez
Pitching: RHP Norberto Méndez
Batting: LHB Javier Matos 0-0: Called Strike
0-1: Ball
1-1: Foul Ball, location: 2F
1-2: Ball
2-2: Ground out 5-3 (Groundball, 56)
Batting: RHB Salvador Medine 0-0: Ball
1-0: Ball
2-0: Called Strike
2-1: Ball
3-1: Fly out, F9 (Flyball, 89S)
Batting: LHB Stan Bates 0-0: Fly out, F7 (Line Drive, 7M)
Bottom of the 1st over - 0 run(s), 0 hit(s), 0 error(s), 0 left on base; Houston 0 - Vancouver 0
TOP OF THE 2ND
Houston Hammertime batting - Pitching for Vancouver Vipers : LHP Greg Taylor
Batting: LHB Fernando Camacho 0-0: Swinging Strike
0-1: Swinging Strike
0-2: Ground out 4-3 (Groundball, 4)
Batting: LHB Juan Cabañas 0-0: Called Strike
0-1: Called Strike
0-2: Ball
1-2: Ball
2-2: SINGLE (Groundball, 3D)
Batting: RHB Domingo Matos 0-0: Ball
1-0: SINGLE (Groundball, 56D) (infield hit)
Juan Cabañas to second
Batting: RHB Luis Barzaga 0-0: Fly out, F6 (Popup, 6)
Batting: RHB Mario Beltrán 0-0: Ball
1-0: Fly out, F9 (Flyball, 9S)
Top of the 2nd over - 0 run(s), 2 hit(s), 0 error(s), 2 left on base; Houston 0 - Vancouver 0
BOTTOM OF THE 2ND
Vancouver Vipers batting - Pitching for Houston Hammertime : RHP Norberto Méndez
Batting: LHB Mike Williams 0-0: Called Strike
0-1: Swinging Strike
0-2: Ball
1-2: Foul Ball, location: 2F
1-2: Foul Ball, location: 2F
1-2: Ball
2-2: Strikes out swinging
Batting: RHB Lorenzo González 0-0: Called Strike
0-1: Foul Ball, location: 2F
0-2: Ball
1-2: Ground out 6-3 (Groundball, 6)
Batting: SHB Henry Copeland 0-0: Ball
1-0: Called Strike
1-1: Swinging Strike
1-2: Ground out 6-3 (Groundball, 6)
Bottom of the 2nd over - 0 run(s), 0 hit(s), 0 error(s), 0 left on base; Houston 0 - Vancouver 0
TOP OF THE 3RD
Houston Hammertime batting - Pitching for Vancouver Vipers : LHP Greg Taylor
Batting: RHB Santo Cruz 0-0: Ball
1-0: Called Strike
1-1: Fly out, F4 (Line Drive, 4)
Batting: RHB Aaron Wilson 0-0: Called Strike
0-1: Foul Ball, location: 2F
0-2: SINGLE (Flyball, 89S)
Batting: RHB Pedro Meza 0-0: Called Strike
0-1: Ball
1-1: Ball
2-1: Grounds into double play, 6-4-3 (Groundball, 6)
Top of the 3rd over - 0 run(s), 1 hit(s), 0 error(s), 0 left on base; Houston 0 - Vancouver 0
BOTTOM OF THE 3RD
Vancouver Vipers batting - Pitching for Houston Hammertime : RHP Norberto Méndez
Batting: LHB Ray Spencer 0-0: Swinging Strike
0-1: SINGLE (Flyball, 9S)
Batting: RHB Cristo Gilera 0-0: Ball
1-0: Ball
2-0: Ball
3-0: Called Strike
3-1: Grounds into double play, 6-4-3 (Groundball, 6M)
Batting: LHB Jason Lambert 0-0: Ball
1-0: Called Strike
1-1: Ball
2-1: Ground out 4-3 (Groundball, 4)
Bottom of the 3rd over - 0 run(s), 1 hit(s), 0 error(s), 0 left on base; Houston 0 - Vancouver 0
TOP OF THE 4TH
Houston Hammertime batting - Pitching for Vancouver Vipers : LHP Greg Taylor
Batting: RHB Rafael Torres 0-0: Called Strike
0-1: Ball
1-1: Ball
2-1: Called Strike
2-2: Foul Ball, location: 2F
2-2: Ball
3-2: SINGLE (Flyball, 7S)
Batting: LHB Fernando Camacho 0-0: Ball
1-0: Called Strike
1-1: Called Strike
1-2: SINGLE (Line Drive, 34)
Rafael Torres to second
Batting: LHB Juan Cabañas 0-0: Called Strike
0-1: Foul Ball, location: 2F
0-2: Ball
1-2: Foul Ball, location: 2F
1-2: Ball
2-2: Reached on error, E4 (Groundball, 4)
Rafael Torres to third
Fernando Camacho to second
Batting: RHB Domingo Matos 0-0: Ball
1-0: Called Strike
1-1: Called Strike
1-2: Strikes out swinging
Batting: RHB Luis Barzaga 0-0: Called Strike
0-1: Ball
1-1: Called Strike
1-2: Fly out, F9 (Flyball, 9S)
Batting: RHB Mario Beltrán 0-0: Ball
1-0: Foul Ball, location: 2F
1-1: SINGLE (Flyball, 89S)
Rafael Torres scores
Fernando Camacho to third
Juan Cabañas to second
Batting: RHB Santo Cruz 0-0: Ball
1-0: Swinging Strike
1-1: Ball
2-1: Ball
3-1: Base on Balls
Fernando Camacho scores
Juan Cabañas to third
Mario Beltrán to second
Batting: RHB Aaron Wilson 0-0: Ball
1-0: Ball
2-0: Called Strike
2-1: Foul Ball, location: 2F
2-2: Strikes out swinging
Top of the 4th over - 2 run(s), 3 hit(s), 1 error(s), 3 left on base; Houston 2 - Vancouver 0
BOTTOM OF THE 4TH
Vancouver Vipers batting - Pitching for Houston Hammertime : RHP Norberto Méndez
Batting: LHB Javier Matos 0-0: Ball
1-0: Foul Ball, location: 2F
1-1: Foul Ball, location: 2F
1-2: Ball
2-2: SINGLE (Groundball, 34S)
Batting: RHB Salvador Medine 0-0: Foul Ball, location: 2F
0-1: Ball
1-1: Ball
2-1: SINGLE (Line Drive, 56D)
Javier Matos to second
Batting: LHB Stan Bates 0-0: Ball
1-0: Called Strike
1-1: Fielders Choice at 2nd, 6-4 (Groundball, 6M)
Javier Matos to third
Batting: LHB Mike Williams 0-0: Fly out, F9 (Flyball, 9S)
Batting: RHB Lorenzo González 0-0: Ball
1-0: DOUBLE (Flyball, 89D)
Javier Matos scores
Stan Bates to third
Runner from 3rd tries for Home, SAFE, no throw or cutoff
Batting: SHB Henry Copeland 0-0: Ball
1-0: Swinging Strike
1-1: Swinging Strike
1-2: Ground out U3 (Groundball, 3S)
Bottom of the 4th over - 2 run(s), 3 hit(s), 0 error(s), 1 left on base; Houston 2 - Vancouver 2
TOP OF THE 5TH
Houston Hammertime batting - Pitching for Vancouver Vipers : LHP Greg Taylor
Batting: RHB Pedro Meza 0-0: Ball
1-0: Ball
2-0: Foul Ball, location: 2F
2-1: Foul Ball, location: 2F
2-2: Strikes out swinging
Batting: RHB Rafael Torres 0-0: Ball
1-0: Foul Ball, location: 2F
1-1: Swinging Strike
1-2: Foul Ball, location: 2F
1-2: Ball
2-2: DOUBLE (Line Drive, 7LM)
Pitching: RHP Martin Atkins
Batting: LHB Fernando Camacho 0-0: Ball
1-0: Ball
Throwing error on steal attempt, E2
Rafael Torres scores
2-0: Called Strike
2-1: Ball
3-1: SINGLE (Groundball, 34D)
Batting: LHB Juan Cabañas 0-0: Foul Ball, location: 2F
0-1: SINGLE (Line Drive, 56)
Fernando Camacho to second
Batting: RHB Domingo Matos 0-0: Fly out, F7 (Flyball, 7S)
Batting: RHB Luis Barzaga 0-0: Ball
1-0: Foul Ball, location: 2F
1-1: Fly out, F7 (Flyball, 7D)
Top of the 5th over - 1 run(s), 3 hit(s), 1 error(s), 2 left on base; Houston 3 - Vancouver 2
BOTTOM OF THE 5TH
Vancouver Vipers batting - Pitching for Houston Hammertime : RHP Norberto Méndez
Batting: LHB Ray Spencer 0-0: Ball
1-0: Called Strike
1-1: Ball
2-1: Ball
3-1: Swinging Strike
3-2: Fly out, F7 (Flyball, 78M)
Batting: RHB Cristo Gilera 0-0: Ball
1-0: Ball
2-0: Foul Ball, location: 2F
2-1: Ball
3-1: Ground out 6-3 (Groundball, 6)
Batting: LHB Jason Lambert 0-0: Ball
1-0: Swinging Strike
1-1: Swinging Strike
1-2: Fly out, F9 (Flyball, 9D)
Bottom of the 5th over - 0 run(s), 0 hit(s), 0 error(s), 0 left on base; Houston 3 - Vancouver 2
TOP OF THE 6TH
Houston Hammertime batting - Pitching for Vancouver Vipers : RHP Martin Atkins
Batting: RHB Mario Beltrán 0-0: Ground out 4-3 (Groundball, 4)
Batting: RHB Santo Cruz 0-0: Ball
1-0: Ball
2-0: Ball
3-0: Called Strike
3-1: Base on Balls
Batting: RHB Aaron Wilson 0-0: Ground out 5-3 (Groundball, 5)
Santo Cruz to second
Batting: RHB Pedro Meza 0-0: Called Strike
0-1: Foul Ball, location: 2F
0-2: Foul Ball, location: 2F
0-2: Fly out, F8 (Flyball, 8LS)
Top of the 6th over - 0 run(s), 0 hit(s), 0 error(s), 1 left on base; Houston 3 - Vancouver 2
BOTTOM OF THE 6TH
Vancouver Vipers batting - Pitching for Houston Hammertime : RHP Norberto Méndez
Batting: LHB Javier Matos 0-0: Ball
1-0: Called Strike
1-1: Ball
2-1: Fly out, F7 (Flyball, 7M)
Batting: RHB Salvador Medine 0-0: Called Strike
0-1: Swinging Strike
0-2: Ball
1-2: Foul Ball, location: 2F
1-2: TRIPLE (Line Drive, 89M)
Pitching: RHP Daniel Félix
Batting: LHB Stan Bates 0-0: Ground out 5-3 (Groundball, 56S)
Batting: LHB Mike Williams 0-0: Ball
1-0: Called Strike
1-1: Swinging Strike
1-2: Foul Ball, location: 2F
1-2: Foul Ball, location: 2F
1-2: Ball
2-2: Ball
3-2: Foul Ball, location: 2F
3-2: Foul Ball, location: 2F
3-2: Fly out, F7 (Flyball, 7LS)
Bottom of the 6th over - 0 run(s), 1 hit(s), 0 error(s), 1 left on base; Houston 3 - Vancouver 2
TOP OF THE 7TH
Houston Hammertime batting - Pitching for Vancouver Vipers : RHP Martin Atkins
Batting: RHB Rafael Torres 0-0: Fly out, F7 (Flyball, 78S)
Pitching: RHP Jesse Jones
Batting: LHB Fernando Camacho 0-0: Called Strike
0-1: Ground out 6-3 (Groundball, 6M)
Pitching: LHP Malcolm Moore
Batting: LHB Juan Cabañas 0-0: Called Strike
0-1: Ball
1-1: Called Strike
1-2: Ball
2-2: Foul Ball, location: 2F
2-2: Strikes out looking
Top of the 7th over - 0 run(s), 0 hit(s), 0 error(s), 0 left on base; Houston 3 - Vancouver 2
BOTTOM OF THE 7TH
Vancouver Vipers batting - Pitching for Houston Hammertime : RHP Daniel Félix
Batting: RHB Lorenzo González 0-0: Foul Ball, location: 2F
0-1: Foul Ball, location: 2F
0-2: Ball
1-2: Strikes out swinging
Batting: SHB Henry Copeland 0-0: Ball
1-0: Called Strike
1-1: SINGLE (Line Drive, 34D)
Batting: LHB Ray Spencer 0-0: Foul Ball, location: 2F
0-1: Ball
1-1: Ball
2-1: Fly out, F7 (Flyball, 7M)
Pinch Hitting: RHB Daniel Robert 0-0: Called Strike
0-1: Fly out, F7 (Flyball, 7S)
Bottom of the 7th over - 0 run(s), 1 hit(s), 0 error(s), 1 left on base; Houston 3 - Vancouver 2
TOP OF THE 8TH
Houston Hammertime batting - Pitching for Vancouver Vipers : LHP Malcolm Moore
Pitching: RHP Vincent Cox
Now at 2B: Cipriano Miranda
Batting: RHB Domingo Matos 0-0: Ball
1-0: Called Strike
1-1: Ball
2-1: Foul Ball, location: 2F
2-2: Ball
3-2: Foul Ball, location: 2F
3-2: Foul Ball, location: 2F
3-2: Strikes out swinging
Batting: RHB Luis Barzaga 0-0: Swinging Strike
0-1: Swinging Strike
0-2: Ball
1-2: Foul Ball, location: 2F
1-2: Ball
2-2: Foul Ball, location: 2F
2-2: Fly out, F3 (Popup, 3SF)
Batting: RHB Mario Beltrán 0-0: Ball
1-0: Called Strike
1-1: Foul Ball, location: 2F
1-2: Strikes out looking
Top of the 8th over - 0 run(s), 0 hit(s), 0 error(s), 0 left on base; Houston 3 - Vancouver 2
BOTTOM OF THE 8TH
Vancouver Vipers batting - Pitching for Houston Hammertime : RHP Daniel Félix
Batting: LHB Jason Lambert 0-0: Reached on error, E6 (Groundball, 6S)
Batting: LHB Javier Matos 0-0: Bunted foul
0-1: Sac Bunt - play at first, batter OUT! 5-4
Jason Lambert to second
Pitching: RHP Ricardo Ontiveros
Pinch Hitting: RHB Guillermo Sánchez 0-0: Called Strike
0-1: Ball
1-1: Ball
2-1: Swinging Strike
2-2: Strikes out swinging
Batting: LHB Stan Bates 0-0: Called Strike
0-1: Ball
1-1: Ball
2-1: Ball
3-1: Base on Balls
Batting: LHB Mike Williams 0-0: Ball
1-0: Called Strike
1-1: Ground out U3 (Groundball, 3L)
Bottom of the 8th over - 0 run(s), 0 hit(s), 1 error(s), 2 left on base; Houston 3 - Vancouver 2
TOP OF THE 9TH
Houston Hammertime batting - Pitching for Vancouver Vipers : RHP Vincent Cox
Now at SS: Francisco Rodríguez
Batting: RHB Santo Cruz 0-0: Ball
1-0: Ball
2-0: Called Strike
2-1: Ground out 5-3 (Groundball, 5L)
Batting: RHB Aaron Wilson 0-0: Swinging Strike
0-1: Ball
1-1: Swinging Strike
1-2: Fly out, F7 (Flyball, 7LM)
Batting: RHB Pedro Meza 0-0: Swinging Strike
0-1: Swinging Strike
0-2: Ball
1-2: Foul Ball, location: 2F
1-2: Strikes out looking
Top of the 9th over - 0 run(s), 0 hit(s), 0 error(s), 0 left on base; Houston 3 - Vancouver 2
BOTTOM OF THE 9TH
Vancouver Vipers batting - Pitching for Houston Hammertime : RHP Ricardo Ontiveros
Pitching: RHP Raúl Saltines
Batting: RHB Lorenzo González 0-0: Ball
1-0: Ball
2-0: Ball
3-0: Called Strike
3-1: Ground out 5-3 (Groundball, 56)
Batting: SHB Henry Copeland 0-0: Called Strike
0-1: Ball
1-1: Called Strike
1-2: Ball
2-2: Strikes out swinging
Batting: LHB Ray Spencer 0-0: Fly out, F8 (Line Drive, 8LM)
Bottom of the 9th over - 0 run(s), 0 hit(s), 0 error(s), 0 left on base; Houston 3 - Vancouver 2
This league is powered by Out of the Park Baseball, the baseball management simulation game for PC, Mac and Linux
Saturday, April 9th, 2016 - OOTP Baseball 16.8 Build 38